 Dungeon Crawl Stone Soup version 0.27-a0-1196-g3e9cee4cb2 (webtiles) character file.

Game seed: 11407116915984653577

201 EnegeticOcto the Conjurer (level 5, -2/38 HPs)
             Began as a Mummy Conjurer on May 28, 2021.
             Slain by Edmund
             ... wielding a +2 vorpal flail
              (4 damage)
             ... on level 4 of the Dungeon.
             The game lasted 00:07:36 (3430 turns).

EnegeticOcto the Conjurer (Mummy Conjurer)          Turns: 3430, Time: 00:07:36

Health: -2/38      AC:  5    Str: 10    XL:     5   Next: 50%
Magic:  1/11       EV: 12    Int: 18    God:
Gold:   127        SH:  0    Dex: 11    Spells: 2/12 levels left

rFire    x . .     SeeInvis .   b - +2 hunting sling (flame)
rCold    + . .     Faith    .   (no shield)
rNeg     + + +     Spirit   .   a - +0 robe
rPois    ∞         Reflect  .   j - +0 helmet
rElec    .         Harm     .   (no cloak)
rCorr    .         Rampage  .   l - +1 pair of gloves
Will     .....                  (no boots)
Stlth    ++........             (no amulet)
HPRegen  0.12/turn              c - ring of flight
MPRegen  0.12/turn              (no ring)

@: flying
A: cold resistance 1, negative energy resistance 3, torment resistance 2, heat
vulnerability 1, no potions
a: no special abilities


You were on level 4 of the Dungeon.
You visited 1 branch of the dungeon, and saw 4 of its levels.

You collected 127 gold pieces.

Inventory:

Hand Weapons
 b - a +2 hunting sling of flaming (weapon)
   (You found it on level 1 of the Dungeon)
 d - a +0 dagger
   (You took it off a kobold on level 1 of the Dungeon)
 h - a +0 great sword
   (You found it on level 2 of the Dungeon)
 m - a +1 vorpal hand axe
   (You found it on level 4 of the Dungeon)
Missiles
 e - 104 stones (quivered ammo)
 i - 6 poisoned darts
Armour
 a - a +0 robe (worn)
 j - a +0 helmet (worn)
   (You found it on level 3 of the Dungeon)
 l - a +1 pair of gloves (worn)
   (You found it on level 3 of the Dungeon)
Jewellery
 c - a ring of flight (left hand)
   (You found it on level 4 of the Dungeon)
Scrolls
 f - a scroll of blinking {@r4}
 g - a scroll of magic mapping {@r5 !r}
 k - a scroll of immolation


   Skills:
 - Level 2.0 Fighting
 - Level 1.5 Dodging
 - Level 3.0 Stealth
 - Level 4.0 Spellcasting
 - Level 4.1 Conjurations
 + Level 0.4 Summonings


You had 2 spell levels left.
You knew the following spells:

 Your Spells              Type           Power      Damage    Failure   Level
a - Magic Dart            Conj           72%        1d6       2%          1
b - Searing Ray           Conj           36%        3d4       4%          2
c - Call Imp              Summ           5%         N/A       19%         2
d - Mephitic Cloud        Conj/Pois/Air  8%         N/A       26%         3
Y - Blink                 Tloc           N/A        N/A       22%         2

Your spell library contained the following spells:

 Spells                   Type           Power      Damage    Failure   Level
 Slow                     Hex            3%         N/A       22%         2
 Conjure Flame            Conj/Fire      11%        6-21      19%         3
 Dazzling Flash           Conj/Hex       22%        N/A       19%         3
 Fulminant Prism          Conj/Hex       5%         3d7       52%         4
 Iskenderun's Mystic Bla  Conj/Tloc      11%        2d4       52%         4


Dungeon Overview and Level Annotations

Branches:
Dungeon (4/15)
 Temple: D:4-7

Altars:
Fedhas
Zin

Annotations:
D:3 exclusions: orc wizard and 3 more exclusions
D:4 exclusion: orc wizard, Edmund


Innate Abilities, Weirdness & Mutations

You are immune to poison.
Your flesh is cold resistant. (rC+)
You are immune to negative energy. (rN+++)
You are immune to unholy pain and torment.
You are vulnerable to heat. (rF-)
You do not drink.


Message History

You reach down and close the door.
Press: ? - help, . - travel You can't see that place. [the floor.] Placed new exclusion.
Found a stone staircase leading down.
An endoplasm comes into view.
Casting: Searing Ray (safe; 4% risk of failure)
Confirm with . or Enter, or press ? or * to list all spells.
Aiming: Magic Dart (safe; 2% risk of failure)
Press: ? - help, Shift-Dir - straight line, f - endoplasm
Aim: an endoplasm (100% to hit)
The magic dart hits the endoplasm.
The endoplasm is severely wounded.
Casting: Magic Dart (safe; 2% risk of failure)
Confirm with . or Enter, or press ? or * to list all spells.
Aiming: Magic Dart (safe; 2% risk of failure)
Press: ? - help, Shift-Dir - straight line, f/p - endoplasm
Aim: an endoplasm (severely wounded, 100% to hit)
The magic dart hits the endoplasm but does no damage.
The endoplasm is severely wounded.
An endoplasm is nearby!
Casting: Magic Dart (safe; 2% risk of failure)
Confirm with . or Enter, or press ? or * to list all spells.
Aiming: Magic Dart (safe; 2% risk of failure)
Press: ? - help, Shift-Dir - straight line, f/p - endoplasm
Aim: an endoplasm (severely wounded, 100% to hit)
The magic dart hits the endoplasm.
The endoplasm is almost dead.
An endoplasm is nearby!
Casting: Magic Dart (safe; 2% risk of failure)
Confirm with . or Enter, or press ? or * to list all spells.
Aiming: Magic Dart (safe; 2% risk of failure)
Press: ? - help, Shift-Dir - straight line, f/p - endoplasm
Aim: an endoplasm (almost dead, 100% to hit)
The magic dart hits the endoplasm.
You kill the endoplasm!
Edmund the Younger comes into view.
He is wielding a +2 vorpal flail.
Unknown command.
Unknown command.
Unknown command.
Fire: 106 stones
Press: ? - help, Q - select action, (/) - cycle Shift-Dir - straight line, f - Edmund
Aim: Edmund, wielding a +2 vorpal flail and wearing a +0 chain mail (asleep, 98% to hit)
You shoot a stone. The stone hits Edmund.
The stone burns Edmund.
Edmund shouts!
Edmund is lightly wounded.
Fire: 105 stones
Press: ? - help, Q - select action, (/) - cycle Shift-Dir - straight line, f/p - Edmund
Aim: Edmund, wielding a +2 vorpal flail and wearing a +0 chain mail (lightly wounded, 67% to hit)
You shoot a stone. The stone hits Edmund.
The stone burns Edmund.
Edmund is lightly wounded.
Casting: Magic Dart (safe; 2% risk of failure)
Confirm with . or Enter, or press ? or * to list all spells.
Aiming: Searing Ray (safe; 4% risk of failure)
Press: ? - help, Shift-Dir - straight line, f - you, p - Edmund
Okay, then.
Casting: Searing Ray (safe; 4% risk of failure)
Confirm with . or Enter, or press ? or * to list all spells.
Aiming: Magic Dart (safe; 2% risk of failure)
Press: ? - help, Shift-Dir - straight line, f/p - Edmund
Aim: Edmund, wielding a +2 vorpal flail and wearing a +0 chain mail (lightly wounded, 100% to hit)
The magic dart hits Edmund but does no damage.
Edmund is lightly wounded.
Casting: Magic Dart (safe; 2% risk of failure)
Confirm with . or Enter, or press ? or * to list all spells.
Aiming: Searing Ray (safe; 4% risk of failure)
Press: ? - help, Shift-Dir - straight line, f/p - Edmund
Aim: Edmund, wielding a +2 vorpal flail and wearing a +0 chain mail (lightly wounded, 84% to hit)
The searing ray hits Edmund.
Edmund is moderately wounded. (Press . to maintain the ray.)
The searing ray hits Edmund!
Edmund is heavily wounded.
The searing ray hits Edmund!
Edmund is severely wounded.
The searing ray hits Edmund.
Edmund is severely wounded.
You finish channeling your searing ray.
Edmund misses you.
Casting: Searing Ray (safe; 4% risk of failure)
Confirm with . or Enter, or press ? or * to list all spells.
Aiming: Searing Ray (safe; 4% risk of failure)
Press: ? - help, Shift-Dir - straight line, f/p - Edmund
Aim: Edmund, wielding a +2 vorpal flail and wearing a +0 chain mail (severely wounded, 84% to hit)
The searing ray hits Edmund.
Edmund is severely wounded. (Press . to maintain the ray.) Edmund closely misses you.
The searing ray hits Edmund but does no damage.
Edmund is severely wounded.
Edmund hits you with a +2 vorpal flail.
The searing ray hits Edmund.
Edmund is severely wounded.
Edmund hits you with a +2 vorpal flail!
The searing ray hits Edmund but does no damage.
Edmund is severely wounded.
You finish channeling your searing ray.
Edmund barely misses you. Edmund hits you with a +2 vorpal flail!
* * * LOW HITPOINT WARNING * * *
You die...

#....# #....#
####
#>...#########...
#...............#
#.############..#
#.# #... #.# ##.#
#########.# #.#
((.....@@.# ##..
###########
########...
#........#.
#.###.##.#. ###+
###. #.... ##.
#..≈o.#.[
+.≈.≈.+..
#..≈$.#..


You could see Edmund.

Vanquished Creatures
  A scorpion (D:4)
  4 gnolls (D:3)
  5 adders
  2 endoplasms
  2 giant cockroaches
  4 goblins
  6 hobgoblins
  7 jackals
  3 quokkas
  8 ball pythons
  7 bats
  4 frilled lizards
  5 kobolds
  8 rats
66 creatures vanquished.

Notes
Turn   | Place    | Note
-------+----------+-------------------------------------------
     0 | D:1      | EnegeticOcto the Mummy Conjurer began the quest for the
                  | Orb.
     0 | D:1      | Reached XP level 1. HP: 13/13 MP: 4/4
   162 | D:1      | Found a faded altar of an unknown god.
   166 | D:1      | Reached skill level 2 in Stealth
   340 | D:1      | Reached XP level 2. HP: 16/19 MP: 0/5
   585 | D:1      | Learned a level 2 spell: Searing Ray
   588 | D:1      | Learned a level 2 spell: Blink
  1224 | D:1      | Reached skill level 3 in Stealth
  1309 | D:1      | Reached XP level 3. HP: 20/24 MP: 0/7
  1363 | D:1      | Reached skill level 3 in Spellcasting
  1867 | D:2      | Found a blossoming altar of Fedhas.
  2191 | D:2      | Reached skill level 4 in Spellcasting
  2374 | D:3      | Reached XP level 4. HP: 30/30 MP: 8/10
  2739 | D:3      | Reached skill level 4 in Conjurations
  2761 | D:3      | Reached skill level 1 in Fighting
  3053 | D:4      | Noticed a scorpion
  3156 | D:4      | Killed a scorpion
  3157 | D:4      | Reached skill level 2 in Fighting
  3157 | D:4      | Reached XP level 5. HP: 38/38 MP: 5/11
  3160 | D:4      | Learned a level 2 spell: Call Imp
  3164 | D:4      | Learned a level 3 spell: Mephitic Cloud
  3418 | D:4      | Noticed Edmund
  3430 | D:4      | Slain by Edmund

Illustrated notes

Levels and vault maps discovered:
D:1:      pf_arrival_petrified_forest, layout_basic, serial_forest,
          infiniplex_forest_corner_2, infiniplex_forest_straight_4,
          infiniplex_forest_end_2, infiniplex_forest_clump_large,
          infiniplex_forest_clump_tiny, infiniplex_forest_lined_3_way,
          infiniplex_forest_zigzag_2, shapermc_ecumenical_altar_mp_highgroup,
          dk_noncrumbling_2, st_stairs_11
D:2:      layout_rooms, basic_altar, serial_curves, eino_curves_02,
          eino_curves_03
D:3:      layout_basic, lemuel_tele_altar
D:4:      layout_basic, nicolae_wu_jian_immortal_techniques,
          kennysheep_generic_room_13, uniq_edmund

Skill      XL: |  1  2  3  4 |
---------------+-------------+-----
Stealth        | 2 3 |  3.0
Spellcasting   | 4 |  4.0
Conjurations   | 4 |  4.1
Fighting       | 2 |  2.0
Dodging        | |  1.5
Summonings     | |  0.4

Action                   |  1- 3 |  4- 6 || total
-------------------------+-------+-------++-------
Melee: Dagger            |     2 |       ||     2
 Fire: Hunting sling     |    20 |    14 ||    34
 Cast: Magic Dart        |    85 |    31 ||   116
       Searing Ray       |       |     6 ||     6
  Use: Scroll            |       |     5 ||     5
Armor: Robe              |     4 |     4 ||     8
Dodge: Dodged            |     8 |     3 ||    11

Table legend: (Time is in decaauts)
 A = Elapsed time spent in this place.
 B = Non-inter-level travel time spent in this place.
 C = Inter-level travel time spent in this place.
 D = Time resting spent in this place.
 E = Time spent auto-exploring this place.
 F = Levels seen in this place.
 G = Mean time per level.
                   A        B        C        D        E       F      G
               +--------+--------+--------+--------+--------+-----+--------+
         Total |   3433 |   3352 |     81 |    283 |   2487 |   4 |  858.2 |
       Dungeon |   3433 |   3352 |     81 |    283 |   2487 |   4 |  858.2 |
               +--------+--------+--------+--------+--------+-----+--------+

Top non-repeatable levels by time:
     D:1: 1643 daAuts
     D:3: 733 daAuts
     D:2: 666 daAuts
     D:4: 390 daAuts
